 Dungeon Crawl Stone Soup version 0.29.0-11-gd7f09526c8 (webtiles) character file.

Game seed: 5475836564332942533

104 lmSkywalker the Caller (level 4, -5/25 HPs)
             Began as a Tengu Summoner on Sept 7, 2022.
             Slain by a river rat (9 damage)
             ... on level 3 of the Dungeon.
             The game lasted 00:11:55 (2779 turns).

lmSkywalker the Caller (Tengu Summoner)             Turns: 2779, Time: 00:11:56

Health: -5/25      AC:  2    Str:  8    XL:     4   Next: 80%
Magic:  18/18      EV: 12    Int: 16    God:
Gold:   193        SH:  0    Dex: 16    Spells: 3/9 levels left

rFire   . . .      SeeInvis .   t - +0 hand axe (pain)
rCold   + . .      Faith    .   (no shield)
rNeg    . . .      Spirit   .   a - +0 robe
rPois   .          Reflect  .   (helmet restricted)
rElec   .          Harm     .   (no cloak)
rCorr   .          Rampage  .   (no gloves)
Will    .....                   (boots unavailable)
Stlth   +.........              (no amulet)
HPRegen 0.08/turn               f - ring of protection from cold
MPRegen 0.16/turn               p - ring of magical power

@: very slow
A: beak, talons 3
a: no special abilities


You were on level 3 of the Dungeon.
You visited 1 branch of the dungeon, and saw 3 of its levels.

You collected 193 gold pieces.

Inventory:

Hand Weapons
 c - a +0 short sword
 t - a +0 hand axe of pain (weapon)
Missiles
 d - 28 stones
Armour
 a - a +0 robe (worn)
Jewellery
 f - a ring of protection from cold (left hand)
 p - a ring of magical power (right hand)
Wands
 s - a wand of iceblast (5)
Scrolls
 h - a scroll of vulnerability {unknown}
 j - a scroll of butterflies
 o - a scroll of teleportation
 q - a scroll of blinking {unknown}
 r - a scroll of noise {unknown}
Potions
 b - 3 potions of magic
 e - 2 potions of curing
 g - 3 potions of brilliance
 i - 2 potions of ambrosia
 k - a potion of haste {unknown}
 l - a potion of attraction {unknown}
 m - 2 potions of lignification {unknown}
 n - 3 potions of might


   Skills:
 + Level 1.2 Fighting
 - Level 2.1 Dodging
 - Level 2.0 Stealth
 + Level 3.3 Spellcasting
 + Level 5.9 Summonings


You had 3 spell levels left.
You knew the following spells:

 Your Spells              Type           Power      Damage    Failure   Level
a - Summon Small Mammal   Summ           84%        N/A       1%          1
b - Call Imp              Summ           21%        N/A       2%          2
c - Call Canine Familiar  Summ           21%        N/A       4%          3

Your spell library contained the following spells:

 Spells                   Type           Power      Damage    Failure   Level
 Summon Guardian Golem    Hex/Summ       12%        N/A       16%         3
 Summon Lightning Spire   Summ/Air       12%        N/A       47%         4


Dungeon Overview and Level Annotations

Branches:
Dungeon (3/15)

Altars:


Innate Abilities, Weirdness & Mutations

You have a beak for a mouth.
You have claws for feet.


Message History

The worm bites you!
Your unstable footing causes you to fumble your attack.
Your rat splashes around in the water.
Your crimson imp blinks!
The worm bites you.
Your rat bites the worm.
The worm dies!
What are your orders? t - Shout!
Orders for allies: a - Attack new target. r - Retreat! s - Stop attacking. g - Guard the area. f - Follow me.
Anything else - Cancel.
Gang up on whom?
Press: ? - help, Dir - move target, f - river rat
Aim: a river rat (ally target) Attack!
Your rat splashes around in the water.
Casting: Call Imp (safe; 2% risk of failure)
Confirm with . or Enter, or press ? or * to list all spells.
The river rat barely misses you.
Your rat closely misses the river rat.
You swap places.
Your rat disappears in a puff of smoke!
The river rat bites you. The river rat misses you.
You see here a rat corpse.
You swap places.
Your quokka completely misses the river rat.
Your quokka bites the river rat.
The river rat misses your quokka.
Your quokka bites the river rat.
The river rat bites your quokka.
Your quokka splashes around in the water.
The river rat bites your quokka.
Your quokka bites the river rat.
The river rat closely misses your quokka.
Your quokka splashes around in the water.
The river rat bites your quokka but does no damage.
Your quokka barely misses the river rat.
Your quokka barely misses the river rat.
The river rat closely misses your quokka.
You swap places.
The river rat bites you.
* * * LOW HITPOINT WARNING * * *
Your crimson imp hits the river rat but does no damage.
The river rat bites you!
You die...

######.#######
#.............
#####...###.## #.....#
#....## #### #.#..# ~5#
#...####.# #########r#
##.......#
#~~~~~~r@~######'######
#~~#~#~####...#...##
#.~.~~~~~...#......##
#......~....##.......#
#...........#.........#
#.#.###...............+
#.....................#
#####.#.##.###.......##
#.#.##... ##.....##


You could see a river rat (ally target), a friendly crimson imp (summoned) and a
friendly quokka (summoned).

Vanquished Creatures
  An adder (D:2)
  An orc (D:3)
  2 ball pythons (D:2)
  4 bats
  A giant cockroach (D:2)
  7 goblins
  A hobgoblin (D:3)
  5 jackals
  2 frilled lizards (D:2)
  3 rats (D:3)
27 creatures vanquished.

Vanquished Creatures (collateral kills)
  Robin (D:3)
  An adder (D:2)
  4 worms
  2 dart slugs
  A giant cockroach (D:3)
  2 goblins (D:3)
  5 hobgoblins
  A jackal (D:3)
  3 kobolds
  A quokka (D:1)
  4 ball pythons
  A frilled lizard (D:1)
26 creatures vanquished.

Grand Total: 53 creatures vanquished

Notes
Turn   | Place    | Note
-------+----------+-------------------------------------------
     0 | D:1      | lmSkywalker the Tengu Summoner began the quest for the Orb.
     0 | D:1      | Reached XP level 1. HP: 10/10 MP: 4/4
   119 | D:1      | Reached skill level 5 in Summonings
   197 | D:1      | Reached XP level 2. HP: 15/15 MP: 6/6
   371 | D:1      | Learned a level 2 spell: Call Imp
  1238 | D:2      | Reached XP level 3. HP: 19/19 MP: 4/7
  1271 | D:2      | Learned a level 3 spell: Call Canine Familiar
  1345 | D:2      | Found a faded altar of an unknown god.
  1831 | D:2      | Reached XP level 4. HP: 16/24 MP: 9/9
  2248 | D:3      | Noticed Robin
  2278 | D:3      | Killed Robin
  2279 | D:3      | Reached skill level 1 in Fighting
  2779 | D:3      | Slain by a river rat

Illustrated notes

Levels and vault maps discovered:
D:1:      psy_arrival_conway, layout_loops_ring, amcnicky_mini_pool_small,
          hangedman_decor_slide_cut
D:2:      layout_loops_ring, nicolae_ecumenical_snake_handling,
          minmay_misc_feat_rows, supply_closet_lemuel
D:3:      layout_loops_corners, jmf_multi_god_temple2,
          lightli_sewer_entry_pipes, uniq_robin

Skill      XL: |  1  2  3  4 |
---------------+-------------+-----
Summonings     | 5 |  5.9
Spellcasting   | 3 |  3.3
Fighting       | 1 |  1.2
Dodging        | |  2.1
Stealth        | |  2.0

Action                   |  1- 3 |  4- 6 || total
-------------------------+-------+-------++-------
Melee: Unarmed           |     2 |       ||     2
       Short sword       |    45 |    33 ||    78
       Kick              |    10 |    12 ||    22
       Peck              |     3 |     7 ||    10
       Hand axe          |       |    11 ||    11
       Punch             |       |     1 ||     1
 Cast: Summon Small Mamm |    30 |    12 ||    42
       Call Imp          |     6 |     6 ||    12
  Use: Scroll            |       |     6 ||     6
 Stab: Sleeping          |     2 |     1 ||     3
Armor: Robe              |    13 |     6 ||    19
Dodge: Dodged            |    41 |    25 ||    66
